MID
LAKE COUNTY CAPTAINS @ DAYTON DRAGONS
05/27/2099
 
TOP OF THE 1ST
Lake County Captains batting - Pitching for Dayton Dragons : LHP Ryan Goodman
Pitching: LHP Ryan Goodman
Batting: RHB Justin Stevenson 0-0: Ball
1-0: SINGLE (Groundball, 56, EV 83.8 MPH)
Batting: LHB Max Schmidt 0-0: Grounds into double play, 4-6-3 (Groundball, 4, EV 81.9 MPH)
Batting: SHB Collin Hays 0-0: Called Strike
0-1: Ground out 6-3 (Groundball, 6, EV 80.0 MPH)
Top of the 1st over - 0 runs, 1 hit, 0 errors, 0 left on base; Lake County 0 - Dayton 0
BOTTOM OF THE 1ST
Dayton Dragons batting - Pitching for Lake County Captains : RHP Steve Ardan
Pitching: RHP Steve Ardan
Batting: LHB Scott Guinan 0-0: Ball
1-0: Called Strike
1-1: Ball
2-1: Ball
3-1: SINGLE (Groundball, 4S, EV 67.5 MPH) (infield hit)
Batting: LHB Kevin Martin 0-0: Called Strike
0-1: Foul Ball, location: 3F
0-2: Ball
1-2: Strikes out looking
Batting: LHB Troy Gallagher 0-0: Swinging Strike
0-1: Swinging Strike
0-2: Ball
1-2: Strikes out swinging
Batting: LHB Josh Southerland 0-0: Called Strike
0-1: Ball
1-1: Called Strike
1-2: Ball
Scott Guinan steals 2nd base (no throw)
2-2: Ball
3-2: Base on Balls
Batting: RHB Joe Mills 0-0: Called Strike
0-1: Ball
1-1: Foul Ball, location: 9LSF
1-2: Ball
2-2: Ball
3-2: Base on Balls
Scott Guinan to third
Josh Southerland to second
Batting: RHB Antonio Villasenor 0-0: Ball
1-0: Foul Ball, location: 23F
1-1: Ball
2-1: Swinging Strike
2-2: Foul Ball, location: 2F
2-2: Strikes out swinging
Bottom of the 1st over - 0 runs, 1 hit, 0 errors, 3 left on base; Lake County 0 - Dayton 0
TOP OF THE 2ND
Lake County Captains batting - Pitching for Dayton Dragons : LHP Ryan Goodman
Batting: RHB Wayne Davis 0-0: Ball
1-0: Ball
2-0: Called Strike
2-1: Foul Ball, location: 5FF
2-2: Strikes out looking
Batting: LHB Matt Beard 0-0: Ball
1-0: Swinging Strike
1-1: Ball
2-1: SINGLE (Line Drive, 6MD, EV 102.5 MPH)
Batting: RHB Josh Gillard 0-0: Called Strike
0-1: Ball
1-1: SINGLE (Line Drive, 56, EV 100.0 MPH)
Matt Beard to second
Batting: RHB Ralph Monti 0-0: Swinging Strike
0-1: Foul Ball, location: 9LMF
0-2: Foul Ball, location: 2F
0-2: Ball
1-2: Foul Ball, location: 25F
1-2: Ball
2-2: Foul Ball, location: 3F
2-2: Strikes out swinging
Batting: RHB Alex Avitia 0-0: Called Strike
0-1: Fly out, F8 (Flyball, 8RD, EV 100.0 MPH)
Top of the 2nd over - 0 runs, 2 hits, 0 errors, 2 left on base; Lake County 0 - Dayton 0
BOTTOM OF THE 2ND
Dayton Dragons batting - Pitching for Lake County Captains : RHP Steve Ardan
Batting: SHB Ray Bennett 0-0: Swinging Strike
0-1: Foul Ball, location: 2F
0-2: Strikes out swinging
Batting: RHB Jacob Morrow 0-0: Called Strike
0-1: Ball
1-1: Swinging Strike
1-2: Foul Ball, location: 23FF
1-2: Fly out, F9 (Flyball, 89M, EV 88.8 MPH)
Batting: RHB Leo Lozoya 0-0: Ball
1-0: Swinging Strike
1-1: Fly out, F8 (Line Drive, 8RD, EV 96.9 MPH)
Bottom of the 2nd over - 0 runs, 0 hits, 0 errors, 0 left on base; Lake County 0 - Dayton 0
TOP OF THE 3RD
Lake County Captains batting - Pitching for Dayton Dragons : LHP Ryan Goodman
Batting: RHB Chad Black 0-0: Called Strike
0-1: SINGLE (Line Drive, 89S, EV 98.1 MPH)
Batting: RHB Justin Stevenson 0-0: Fly out, F7 (Flyball, 7LS, EV 95.0 MPH)
Batting: LHB Max Schmidt 0-0: Swinging Strike
0-1: Foul Ball, location: 2F
0-2: Ball
1-2: Ball
2-2: Foul Ball, location: 5DF
2-2: Strikes out looking
Batting: SHB Collin Hays 0-0: Ball
1-0: Foul Ball, location: 9LDF
1-1: Ball
2-1: Fly out, F7 (Flyball, 7, EV 96.3 MPH)
Top of the 3rd over - 0 runs, 1 hit, 0 errors, 1 left on base; Lake County 0 - Dayton 0
BOTTOM OF THE 3RD
Dayton Dragons batting - Pitching for Lake County Captains : RHP Steve Ardan
Batting: LHB Scott Guinan 0-0: Called Strike
0-1: Ball
1-1: Foul Ball, location: 2LF
1-2: Foul Ball, location: 7LMF
1-2: Ball
2-2: Fly out, F3 (Line Drive, 3, EV 68.8 MPH)
Batting: LHB Kevin Martin 0-0: Ball
1-0: Called Strike
1-1: Called Strike
1-2: Foul Ball, location: 23FF
1-2: Strikes out swinging
Batting: LHB Troy Gallagher 0-0: Foul Ball, location: 2F
0-1: Ball
1-1: Ground out 6-3 (Groundball, 4, EV 78.8 MPH)
Bottom of the 3rd over - 0 runs, 0 hits, 0 errors, 0 left on base; Lake County 0 - Dayton 0
TOP OF THE 4TH
Lake County Captains batting - Pitching for Dayton Dragons : LHP Ryan Goodman
Batting: RHB Wayne Davis 0-0: Fly out, F7 (Flyball, 78D, EV 90.0 MPH)
Batting: LHB Matt Beard 0-0: Foul Ball, location: 23F
0-1: SINGLE (Line Drive, 5D, EV 98.8 MPH)
Batting: RHB Josh Gillard 0-0: Ball
1-0: Ball
2-0: Called Strike
2-1: Ball
3-1: Base on Balls
Matt Beard to second
Batting: RHB Ralph Monti 0-0: Ball
1-0: Ball
2-0: Called Strike
2-1: Ball
3-1: Called Strike
3-2: Strikes out swinging
Batting: RHB Alex Avitia 0-0: Called Strike
0-1: Ball
1-1: Foul Ball, location: 2LF
1-2: Ball
2-2: Foul Ball, location: 5F
2-2: Strikes out swinging
Top of the 4th over - 0 runs, 1 hit, 0 errors, 2 left on base; Lake County 0 - Dayton 0
BOTTOM OF THE 4TH
Dayton Dragons batting - Pitching for Lake County Captains : RHP Steve Ardan
Batting: LHB Josh Southerland 0-0: Swinging Strike
0-1: Ball
1-1: Foul Ball, location: 2RF
1-2: Ball
2-2: Strikes out swinging
Batting: RHB Joe Mills 0-0: Called Strike
0-1: Ball
1-1: Foul Ball, location: 5F
1-2: Hit by Pitch
Batting: RHB Antonio Villasenor 0-0: Called Strike
0-1: Ball
1-1: Ball
2-1: Ball
3-1: Base on Balls
Joe Mills to second
Batting: SHB Ray Bennett 0-0: Called Strike
0-1: Ball
1-1: Swinging Strike
1-2: Foul Ball, location: 2F
1-2: Ball
2-2: Ball
3-2: Base on Balls
Joe Mills to third
Antonio Villasenor to second
Batting: RHB Jacob Morrow 0-0: Foul Ball, location: 2F
0-1: Grounds into double play, 3-6-1 (Groundball, 34, EV 82.5 MPH)
Bottom of the 4th over - 0 runs, 0 hits, 0 errors, 2 left on base; Lake County 0 - Dayton 0
TOP OF THE 5TH
Lake County Captains batting - Pitching for Dayton Dragons : LHP Ryan Goodman
Batting: RHB Chad Black 0-0: Foul Ball, location: 5F
0-1: Swinging Strike
0-2: Ball
1-2: Ground out 6-3 (Groundball, 6S, EV 83.1 MPH)
Batting: RHB Justin Stevenson 0-0: Ball
1-0: Swinging Strike
1-1: Ground out 6-3 (Groundball, 6, EV 86.9 MPH)
Batting: LHB Max Schmidt 0-0: Foul Ball, location: 9LSF
0-1: Foul Ball, location: 2F
0-2: Foul Ball, location: 3SF
0-2: DOUBLE (Line Drive, 9LS, EV 88.8 MPH)
Batting: SHB Collin Hays 0-0: Ball
1-0: Ball
2-0: Ground out 6-3 (Groundball, 6, EV 80.6 MPH)
Top of the 5th over - 0 runs, 1 hit, 0 errors, 1 left on base; Lake County 0 - Dayton 0
BOTTOM OF THE 5TH
Dayton Dragons batting - Pitching for Lake County Captains : RHP Steve Ardan
Batting: RHB Leo Lozoya 0-0: Ball
1-0: Called Strike
1-1: SINGLE (Groundball, 6MD, EV 96.3 MPH)
Batting: LHB Scott Guinan 0-0: Ball
1-0: Ball
2-0: Ball
Balk!
Leo Lozoya to second
3-0: Called Strike
3-1: Swinging Strike
3-2: Foul Ball, location: 2F
3-2: Strikes out swinging
Batting: LHB Kevin Martin 0-0: Ball
1-0: Foul Ball, location: 2F
1-1: Ball
2-1: SINGLE (Line Drive, 8RS, EV 86.9 MPH)
Leo Lozoya to third
Runner from 3rd tries for Home, SAFE, throw by CF to home
Kevin Martin to second
Batting: LHB Troy Gallagher 0-0: Called Strike
0-1: Ball
1-1: Ball
2-1: Ball
3-1: Base on Balls
Batting: LHB Josh Southerland 0-0: Called Strike
0-1: Swinging Strike
0-2: SINGLE (Groundball, 6MD, EV 103.1 MPH)
Kevin Martin to third
Troy Gallagher to second
Runner from 3rd tries for Home, SAFE, throw by CF to home
Troy Gallagher to third
Josh Southerland to second
Batting: RHB Joe Mills 0-0: Foul Ball, location: 9LDF
0-1: Ball
1-1: Foul Ball, location: 2LF
1-2: Ball
2-2: Ball
3-2: Foul Ball, location: 5F
3-2: Foul Ball, location: 9LMF
3-2: Ground out 5-3 (Groundball, 5, EV 103.8 MPH)
Batting: RHB Antonio Villasenor 0-0: Ball
1-0: Ball
2-0: Called Strike
2-1: Ball
3-1: Base on Balls
Batting: SHB Ray Bennett 0-0: Called Strike
0-1: Swinging Strike
0-2: Foul Ball, location: 7LDF
0-2: Foul Ball, location: 7LMF
0-2: Strikes out looking
Bottom of the 5th over - 2 runs, 3 hits, 0 errors, 3 left on base; Lake County 0 - Dayton 2
TOP OF THE 6TH
Lake County Captains batting - Pitching for Dayton Dragons : LHP Ryan Goodman
Batting: RHB Wayne Davis 0-0: Ground out U3 (Groundball, 34S, EV 80.0 MPH)
Batting: LHB Matt Beard 0-0: Ball
1-0: Swinging Strike
1-1: Ball
2-1: Foul Ball, location: 23F
2-2: Ball
3-2: Foul Ball, location: 9LMF
3-2: Foul Ball, location: 3FF
3-2: Foul Ball, location: 25F
3-2: Base on Balls
Batting: RHB Josh Gillard 0-0: Ball
1-0: Ball
2-0: Foul Ball, location: 2F
2-1: Foul Ball, location: 7LSF
2-2: Foul Ball, location: 3F
2-2: Ball
3-2: Ground out 6-3 (Groundball, 6, EV 86.9 MPH)
Matt Beard to second
Pitching: RHP Jose Mercado
Batting: RHB Ralph Monti 0-0: Ball
1-0: Ball
2-0: Ball
3-0: Called Strike
3-1: Ground out 6-3 (Groundball, 6, EV 106.3 MPH)
Top of the 6th over - 0 runs, 0 hits, 0 errors, 1 left on base; Lake County 0 - Dayton 2
BOTTOM OF THE 6TH
Dayton Dragons batting - Pitching for Lake County Captains : RHP Steve Ardan
Batting: RHB Jacob Morrow 0-0: Ball
1-0: Ball
2-0: Foul Ball, location: 2RF
2-1: Foul Ball, location: 3SF
2-2: Foul Ball, location: 2F
2-2: Foul Ball, location: 9LSF
2-2: Strikes out swinging
Batting: RHB Leo Lozoya 0-0: Swinging Strike
0-1: Ball
1-1: Foul Ball, location: 5F
1-2: Strikes out looking
Batting: LHB Scott Guinan 0-0: Ball
1-0: Fly out, F8 (Flyball, 8RD, EV 95.6 MPH)
Bottom of the 6th over - 0 runs, 0 hits, 0 errors, 0 left on base; Lake County 0 - Dayton 2
TOP OF THE 7TH
Lake County Captains batting - Pitching for Dayton Dragons : RHP Jose Mercado
Batting: RHB Alex Avitia 0-0: Called Strike
0-1: Hit by Pitch
Batting: RHB Chad Black 0-0: Called Strike
0-1: SINGLE (Groundball, 34D, EV 108.1 MPH)
Alex Avitia to second
Runner from 2nd tries for 3rd, SAFE, throw by RF made to third
Batting: RHB Justin Stevenson 0-0: Ball
1-0: Ball
2-0: Called Strike
2-1: Ball
3-1: Fly out, F7 (Flyball, 7D, EV 110.6 MPH)
Runner from 3rd tags up, SCORES, throw by LF
Batting: LHB Max Schmidt 0-0: Ball
1-0: Called Strike
1-1: Ball
2-1: Fly out, F7 (Flyball, 78S, EV 81.3 MPH)
Batting: SHB Collin Hays 0-0: Foul Ball, location: 3F
0-1: Called Strike
0-2: Ball
1-2: Foul Ball, location: 2F
1-2: Ball
2-2: Fly out, F8 (Flyball, 8RD, EV 94.4 MPH)
Top of the 7th over - 1 run, 1 hit, 0 errors, 1 left on base; Lake County 1 - Dayton 2
BOTTOM OF THE 7TH
Dayton Dragons batting - Pitching for Lake County Captains : RHP Steve Ardan
Batting: LHB Kevin Martin 0-0: Ball
1-0: Foul Ball, location: 9LMF
1-1: Ball
2-1: Swinging Strike
2-2: Foul Ball, location: 2F
2-2: Strikes out looking
Batting: LHB Troy Gallagher 0-0: Ball
1-0: Fly out, F2 (Popup, 13S, EV 80.0 MPH)
Batting: LHB Josh Southerland 0-0: Ball
1-0: Swinging Strike
1-1: Ball
2-1: Swinging Strike
2-2: Ball
3-2: Ground out 5-3 (Groundball, 56, EV 86.3 MPH)
Bottom of the 7th over - 0 runs, 0 hits, 0 errors, 0 left on base; Lake County 1 - Dayton 2
TOP OF THE 8TH
Lake County Captains batting - Pitching for Dayton Dragons : RHP Jose Mercado
Pitching: RHP Rich Chene
Now in LF: Scott Guinan
Now in CF: Liosvany Koehler
Batting: RHB Wayne Davis 0-0: Called Strike
0-1: Swinging Strike
0-2: Ball
1-2: Ground out 6-3 (Groundball, 6, EV 86.3 MPH)
Batting: LHB Matt Beard 0-0: Ball
1-0: Ball
2-0: Foul Ball, location: 5F
2-1: Ball
3-1: Foul Ball, location: 5FF
3-2: Strikes out swinging
Batting: RHB Josh Gillard 0-0: Ball
1-0: Called Strike
1-1: Called Strike
1-2: Fly out, F7 (Flyball, 7D, EV 88.1 MPH)
Top of the 8th over - 0 runs, 0 hits, 0 errors, 0 left on base; Lake County 1 - Dayton 2
BOTTOM OF THE 8TH
Dayton Dragons batting - Pitching for Lake County Captains : RHP Steve Ardan
Batting: RHB Joe Mills 0-0: Ball
1-0: SINGLE (Groundball, 4D, EV 103.8 MPH)
Batting: RHB Antonio Villasenor 0-0: Called Strike
0-1: Ball
1-1: Foul Ball, location: 25F
1-2: Ball
2-2: Foul Ball, location: 9LDF
2-2: DOUBLE (Line Drive, 5D, EV 95.0 MPH)
Joe Mills to third
Batting: SHB Ray Bennett 0-0: Ball
1-0: Called Strike
1-1: Ball
2-1: Fly out, F7 (Flyball, 7, EV 76.3 MPH)
Runner from 3rd tags up, SCORES, throw by LF
Batting: RHB Jacob Morrow 0-0: Intentional Walk
Pitching: RHP Chad Schoonover
Batting: LHB Enrique Oropeza 0-0: Ball
1-0: SINGLE (Groundball, 6S, EV 68.1 MPH)
Antonio Villasenor to third
Jacob Morrow to second
Batting: LHB Scott Guinan 0-0: Called Strike
0-1: Swinging Strike
0-2: Strikes out swinging
Batting: LHB Liosvany Koehler 0-0: Foul Ball, location: 2F
0-1: Called Strike
0-2: Foul Ball, location: 2F
0-2: Ball
1-2: Ball
2-2: Ball
3-2: Ground out 4-3 (Groundball, 4, EV 90.6 MPH)
Bottom of the 8th over - 1 run, 3 hits, 0 errors, 3 left on base; Lake County 1 - Dayton 3
TOP OF THE 9TH
Lake County Captains batting - Pitching for Dayton Dragons : RHP Rich Chene
Now in LF: Liosvany Koehler
Now in CF: Rich Holland
Pinch Hitting: LHB Sam Klooster 0-0: Ball
1-0: DOUBLE (Groundball, 3L, EV 102.5 MPH)
Batting: RHB Alex Avitia 0-0: Ball
1-0: Swinging Strike
1-1: Foul Ball, location: 2F
1-2: Strikes out swinging
Pinch Hitting: RHB Jonathan Stewart 0-0: Ball
1-0: Ball
2-0: Ball
3-0: Foul Ball, location: 9LMF
3-1: Called Strike
3-2: Base on Balls
Pinch Runner at 2nd Manny Reyes:
Batting: RHB Justin Stevenson 0-0: Swinging Strike
0-1: Foul Ball, location: 9LDF
0-2: Fly out, F7 (Flyball, 7, EV 83.1 MPH)
Batting: LHB Max Schmidt 0-0: Foul Ball, location: 2F
0-1: Ground out 1-3 (Groundball, 13, EV 68.1 MPH)
Top of the 9th over - 0 runs, 1 hit, 0 errors, 2 left on base; Lake County 1 - Dayton 3
Monday, May 6th , 2024 - OOTP Baseball 24.11 Build 85